 Dungeon Crawl Stone Soup version 0.31-a0-358-gac0dbeb3ab (webtiles) character file.

Game seed: 17921730174572584388

7541 hashsling the Fighter (level 11, -3/74 HPs)
             Began as a Gargoyle Earth Elementalist on July 25, 2023.
             Was a Priest of Sif Muna.
             Killed from afar by a gargoyle (13 damage)
             ... with a stone arrow
             ... on level 10 of the Dungeon.
             The game lasted 00:41:06 (10377 turns).

hashsling the Fighter (GrEE)                       Turns: 10377, Time: 00:41:07

Health: -3/74      AC: 19    Str: 15    XL:     11   Next: 16%
Magic:  3/14       EV: 16    Int: 17    God:    Sif Muna [***...]
Gold:   489        SH:  0    Dex: 16    Spells: 4/14 levels left

rFire   . . .        u - +0 quarterstaff
rCold   . . .        (shield currently unavailable)
rNeg    + . .        d - +2 ring mail {Will+}
rPois   ∞            M - +0 helmet
rElec   +            t - +1 cloak
rCorr   .            (no gloves)
SInv    .            (no boots)
Will    +....        x - amulet of the acrobat
Stlth   +            i - +5 ring of evasion
HPRegen 0.32/turn    j - +6 ring of dexterity
MPRegen 0.14/turn

%: acrobat
@: no status effects
A: sickness immunity, AC +8, negative energy resistance 1, electricity
resistance, torment resistance 1, petrification resistance
a: Renounce Religion, Channel Magic, Forget Spell


You were on level 10 of the Dungeon.
You worshipped Sif Muna.
Sif Muna was most pleased with you.
You visited 1 branch of the dungeon, and saw 10 of its levels.
You also visited: Ossuary.

You collected 489 gold pieces.

Inventory:

Hand Weapons
 a - a +2 dagger of draining
 g - a +2 dagger of holy wrath
 r - a +2 short sword of venom
 s - a +0 dire flail
 u - a +0 quarterstaff (weapon)
 z - a +4 mace
Armour
 d - a +2 ring mail of willpower (worn)
 p - a scarf of resistance
 t - a +1 cloak (worn)
 M - a +0 helmet (worn)
Jewellery
 i - a +5 ring of evasion (left hand)
 j - a +6 ring of dexterity (right hand)
 v - a ring of fire
 x - an amulet of the acrobat (around neck)
 S - a +6 ring of strength
Wands
 l - a wand of mindburst (1)
 A - a wand of iceblast (15)
 O - a wand of light (1)
 P - a wand of flame (5)
Scrolls
 c - 2 scrolls of fear {unknown}
 f - 14 scrolls of identify {unknown}
 h - 4 scrolls of vulnerability {unknown}
 q - 4 scrolls of fog {unknown}
 w - a scroll of brand weapon {unknown}
 y - a scroll of enchant armour {unknown}
 B - 2 scrolls of enchant weapon {unknown}
 C - a scroll of torment {unknown}
 D - 3 scrolls of teleportation {unknown}
 F - a scroll of noise {unknown}
 J - a scroll of immolation {unknown}
 N - a scroll of silence {unknown}
 Q - a scroll of amnesia {unknown}
 T - a scroll of revelation {unknown}
Potions
 b - a potion of magic
 e - 8 potions of curing
 k - 3 potions of cancellation {unknown}
 m - 2 potions of degeneration {unknown}
 n - 2 potions of lignification {unknown}
 o - 2 potions of heal wounds {unknown}
 E - 2 potions of haste {unknown}
 G - a potion of resistance {unknown}
 H - 3 potions of enlightenment {unknown}
 I - a potion of mutation {unknown}
 K - a potion of brilliance {unknown}
 L - a potion of might {unknown}
Miscellaneous
 R - a phial of floods (inert)


   Skills:
 + Level 11.1 Fighting
 + Level 10.1 Staves
 - Level 4.0 Armour
 - Level 2.0 Dodging
 - Level 2.1 Stealth
 - Level 2.0 Spellcasting
 - Level 2.0 Conjurations
 - Level 1.0 Transmutations
 + Level 9.8 Earth Magic


You had 4 spell levels left.
You knew the following spells:

 Your Spells              Type           Power      Damage    Failure   Level
a - Sandblast             Erth           70%        2d15      1%          1
b - Stone Arrow           Conj/Erth      42%        3d9       10%         3
c - Passwall              Tmut/Erth      16%        N/A       6%          2
d - Petrify               Tmut/Erth      20%        N/A       36%         4

Your spell library contained the following spells:

 Spells                   Type           Power      Damage    Failure   Level
 Magic Dart               Conj           32%        1d4       16%         1
 Shock                    Conj/Air       20%        1d4       24%         1
 Call Imp                 Summ           2%         N/A       47%         2
 Mephitic Cloud           Conj/Pois/Air  3%         N/A       63%         3
 Portal Projectile        Hex/Tloc       2%         N/A       71%         3
 Swiftness                Air            1%         N/A       71%         3
 Tukima's Dance           Hex            1%         N/A       71%         3
 Iskenderun's Mystic Bla  Conj/Tloc      5%         2d3       93%         4
 Airstrike                Air            0%         2d(1-17)  98%         4


Dungeon Overview and Level Annotations

Branches:
Dungeon (10/15)            Temple (0/1) D:6            Lair (0/5) D:9
    Orc (0/2) D:9         Ossuary (visited)

Altars:
Cheibriados
Okawaru
Qazlal
Sif Muna
Vehumet
Wu Jian

Shops:
D:1 !


Innate Abilities, Weirdness & Mutations

You are immune to sickness and miasma.
Your stone body is resilient. (AC +8)
You are immune to poison.
You resist negative energy. (rN+)
You are resistant to electric shocks. (rElec)
You are resistant to unholy torment.
You are immune to petrification.


Message History

The gargoyle is moderately damaged.
The gargoyle barely misses you.
You hit the gargoyle.
The gargoyle is heavily damaged.
You hit the gargoyle but do no damage.
The gargoyle is heavily damaged.
The gargoyle hits you with a +0 mace.
You hit the gargoyle but do no damage.
The gargoyle is heavily damaged.
The gargoyle hits you with a +0 mace.
You thump the gargoyle!
The gargoyle is severely damaged.
The gargoyle hits you with a +0 mace!
You hit the gargoyle but do no damage.
The gargoyle is severely damaged.
The gargoyle hits you with a +0 mace!
* * * LOW HITPOINT WARNING * * *
Aiming: Mindburst
Press: ? - help, Q - select action, (/) - cycle Shift-Dir - straight line, f/p - gargoyle
Aim: a gargoyle, wielding a +0 mace (severely damaged, chance to affect: 47%)
The gargoyle resists with some effort.
The gargoyle hits you with a +0 mace!
* * * LOW HITPOINT WARNING * * *
Your magical contamination has completely faded away.
It was a potion of curing.
You feel better.
The gargoyle hits you but does no damage.
You hit the gargoyle but do no damage.
The gargoyle is severely damaged.
You barely miss the gargoyle.
The gargoyle is severely damaged.
The gargoyle completely misses you.
You hit the gargoyle but do no damage.
The gargoyle is severely damaged.
The gargoyle hurls a stone arrow at you.
The stone arrow misses you.
You hit the gargoyle but do no damage.
The gargoyle is severely damaged.
The gargoyle hurls a stone arrow at you.
The stone arrow hits you!
You die...

##.# #.# #.# #.# #.# ##
#.# ... ####)########
.... #...........######
.....
#...........'..@9##~.....
#...........####..'......
#......)....# ####......
#...........# .....
############# .... ##+


You could see a gargoyle.

Vanquished Creatures
  Urug (D:10)
  Pikel (D:8)
  Psyche (D:8)
  A troll (D:9)
  Sigmund (D:6)
  A wyvern (D:8)
  9 yaks
  A steam dragon (D:6)
  Menkaure (D:6)
  2 acid dragons (D:9)
  2 water moccasins
  A black bear (D:4)
  An orc warrior (D:9)
  3 ice beasts
  A sky beast (D:8)
  3 ogres
  4 centaurs
  2 phantoms
  3 kobold brigands
  2 lemures (D:8)
  4 bullfrogs
  9 scorpions
  9 wights
  2 howler monkeys
  4 centaur zombies (Ossuary)
  A hound (D:6)
  A jelly (D:4)
  2 orc priests
  A gnoll bouda (D:7)
  5 human zombies (Ossuary)
  A sleepcap (D:5)
  2 iguanas (D:5)
  4 scorpion zombies (Ossuary)
  7 orc wizards
  3 mummies (Ossuary)
  8 gnolls
  5 adders
  A worm (D:2)
  2 dart slugs
  33 orcs
  2 ball pythons
  4 bats
  3 endoplasms (D:2)
  2 giant cockroaches
  4 gnoll zombies (Ossuary)
  13 goblins
  3 hobgoblins
  A jackal (D:1)
  6 quokkas
  3 frilled lizards
  4 goblin zombies (Ossuary)
  21 kobolds
  4 orc zombies (Ossuary)
  8 rats
223 creatures vanquished.

Notes
Turn   | Place    | Note
-------+----------+-------------------------------------------
     0 | D:1      | hashsling the Gargoyle Earth Elementalist began the quest
                  | for the Orb.
     0 | D:1      | Reached XP level 1. HP: 10/10 MP: 3/3
    94 | D:1      | Reached skill level 1 in Transmutations
   264 | D:1      | Reached XP level 2. HP: 15/15 MP: 3/5
   828 | D:1      | Found Kaxoet Jimo's Distillery.
  1225 | D:2      | Reached XP level 3. HP: 20/20 MP: 4/6
  1273 | D:2      | Reached skill level 5 in Earth Magic
  1589 | D:2      | Reached skill level 1 in Fighting
  1595 | D:2      | Learned a level 3 spell: Stone Arrow
  1598 | D:2      | Learned a level 2 spell: Passwall
  2103 | D:3      | Reached skill level 1 in Conjurations
  2103 | D:3      | Reached XP level 4. HP: 21/25 MP: 3/7
  2514 | D:3      | Reached XP level 5. HP: 21/30 MP: 4/8
  2520 | D:3      | Reached skill level 2 in Fighting
  3039 | D:4      | Reached skill level 1 in Staves
  3079 | D:4      | Noticed an ogre
  3085 | D:4      | Killed an ogre
  3086 | D:4      | Reached skill level 3 in Fighting
  3086 | D:4      | Reached XP level 6. HP: 37/37 MP: 3/9
  3247 | D:4      | Noticed a water moccasin
  3253 | D:4      | Killed a water moccasin
  3254 | D:4      | Reached skill level 4 in Fighting
  3254 | D:4      | Reached XP level 7. HP: 36/44 MP: 4/10
  3379 | D:4      | Reached skill level 5 in Fighting
  3907 | D:5      | Entered Level 5 of the Dungeon
  3942 | D:5      | Reached skill level 6 in Fighting
  3942 | D:5      | Reached XP level 8. HP: 51/51 MP: 7/11
  4042 | D:5      | Reached skill level 1 in Armour
  4415 | D:5      | Found a snail-covered altar of Cheibriados.
  4416 | D:5      | Found a radiant altar of Vehumet.
  4418 | D:5      | Found an ornate altar of the Wu Jian Council.
  4418 | D:5      | Found a shimmering blue altar of Sif Muna.
  4425 | D:5      | Became a worshipper of Sif Muna the Loreminder
  5023 | D:6      | Reached skill level 5 in Staves
  5077 | D:6      | Reached skill level 7 in Fighting
  5276 | D:6      | Found a sand-covered staircase.
  5281 | Ossuary  | Entered an ossuary
  5361 | Ossuary  | Reached XP level 9. HP: 54/57 MP: 7/12
  5562 | Ossuary  | Reached * piety under Sif Muna
  5858 | Ossuary  | Reached skill level 8 in Fighting
  6220 | D:6      | Found a staircase to the Ecumenical Temple.
  6330 | D:6      | Noticed Menkaure
  6334 | D:6      | Killed Menkaure
  6704 | D:6      | Noticed Sigmund
  6711 | D:6      | Killed Sigmund
  7092 | D:7      | Reached XP level 10. HP: 62/65 MP: 3/13
  7273 | D:7      | Reached ** piety under Sif Muna
  7274 | D:7      | Reached skill level 9 in Fighting
  8339 | D:8      | Noticed Psyche
  8353 | D:8      | Killed Psyche
  8584 | D:8      | Reached skill level 10 in Fighting
  8968 | D:8      | Noticed Pikel
  8994 | D:8      | Killed Pikel
  9339 | D:9      | Reached *** piety under Sif Muna
  9494 | D:9      | Found a staircase to the Orcish Mines.
  9511 | D:9      | Found an iron altar of Okawaru.
  9511 | D:9      | Found a stormy altar of Qazlal.
  9531 | D:9      | Found a staircase to the Lair.
  9588 | D:9      | Reached XP level 11. HP: 30/73 MP: 7/14
  9593 | D:9      | Learned a level 4 spell: Petrify
 10132 | D:10     | Entered Level 10 of the Dungeon
 10169 | D:10     | Noticed Urug
 10181 | D:10     | Killed Urug
 10182 | D:10     | Reached skill level 11 in Fighting
 10182 | D:10     | Reached skill level 10 in Staves
 10372 | D:10     | HP: 2/74 [gargoyle/+0 mace (15)]
 10377 | D:10     | Killed from afar by a gargoyle

Illustrated notes

Levels and vault maps discovered:
D:1:      dpeg_arrival_brainrot, layout_basic, serial_shops, shop
D:2:      layout_loops_corners
D:3:      kennysheep_big_flooded_room, layout_rooms
D:4:      layout_loops_cross, minmay_circle_x
D:5:      layout_basic, chequers_temple_overflow_statue_of_worship
D:6:      layout_basic, minmay_temple_entry_mini_moons, enter_ossuary_2,
          chequers_avenue, hangedman_abyss_or_decor_lesser_grid,
          nicolae_letterblocks [nicolae_letter_subblock,
          nicolae_letter_subblock, nicolae_letter_subblock,
          nicolae_letter_subblock, nicolae_letter_subblock,
          nicolae_letter_subblock, nicolae_letter_subblock,
          nicolae_letter_subblock, nicolae_letter_subblock,
          nicolae_letter_subblock, nicolae_letter_subblock,
          nicolae_letter_subblock, nicolae_letter_subblock,
          nicolae_letter_subblock, nicolae_letter_subblock,
          nicolae_letter_subblock, nicolae_letter_subblock,
          nicolae_letter_subblock, nicolae_letter_subblock,
          nicolae_letter_subblock, nicolae_letter_subblock,
          nicolae_letter_subblock, nicolae_letter_subblock,
          nicolae_letter_subblock, nicolae_letter_subblock], uniq_menkaure,
          uniq_sigmund
D:7:      layout_loops_cross
D:8:      layout_basic, enter_bailey_5, uniq_pikel, uniq_psyche
D:9:      layout_basic, gammafunk_temple_overflow_wave, lair_entry_dummy,
          orc_0_dummy, serial_curves, eino_curves_01, eino_curves_01
D:10:     layout_roguey, uniq_urug

Skill      XL: |  1  2  3  4  5  6  7  8  9 10 11 |
---------------+----------------------------------+-----
Transmutations | 1 |  1.0
Earth Magic    | 4 5 6 8 9 |  9.8
Fighting       | 1 3 4 6 7 8 10 11 | 11.1
Conjurations   | 1 2 |  2.0
Dodging        | 2 |  2.0
Staves         | 2 3 4 6 8 9 10 | 10.1
Armour         | 3 4 |  4.0
Stealth        | |  2.1
Spellcasting   | |  2.0

Action                     |  1- 3 |  4- 6 |  7- 9 | 10-12 || total
---------------------------+-------+-------+-------+-------++-------
  Melee: Unarmed           |     2 |       |       |       ||     2
         Dagger            |    14 |     9 |       |       ||    23
         Short sword       |       |     9 |       |       ||     9
         Quarterstaff      |       |    10 |   197 |   154 ||   361
         Mace              |       |       |     3 |       ||     3
         Punch             |       |       |     1 |       ||     1
   Cast: Sandblast         |    41 |    57 |   169 |    83 ||   350
         Stone Arrow       |       |       |     3 |    29 ||    32
  Evoke: Wand              |       |       |     3 |     8 ||    11
         Phial of floods   |       |       |       |     1 ||     1
    Use: Potion            |       |       |       |     1 ||     1
   Stab: Invisible         |       |       |       |     4 ||     4
 Armour: Ring mail         |     7 |    10 |   117 |    64 ||   198
  Dodge: Dodged            |    13 |    47 |   233 |   131 ||   424

Table legend: (Time is in decaauts)
 A = Elapsed time spent in this place.
 B = Non-inter-level travel time spent in this place.
 C = Inter-level travel time spent in this place.
 D = Time resting spent in this place.
 E = Time spent auto-exploring this place.
 F = Levels seen in this place.
 G = Mean time per level.
                   A        B        C        D        E       F      G
               +--------+--------+--------+--------+--------+-----+--------+
         Total |  10521 |  10283 |    238 |      0 |   8535 |  11 |  956.5 |
       Dungeon |   9781 |   9543 |    238 |      0 |   8090 |  10 |  978.1 |
       Ossuary |    740 |    740 |      0 |      0 |    445 |   1 |  740.0 |
               +--------+--------+--------+--------+--------+-----+--------+

Top non-repeatable levels by time:
     D:8: 1428 daAuts
     D:1: 1138 daAuts
     D:6: 1120 daAuts
     D:7: 1048 daAuts
     D:5: 1046 daAuts
     D:4: 992 daAuts
     D:2: 961 daAuts
     D:9: 930 daAuts
     D:3: 875 daAuts
 Ossuary: 740 daAuts
    D:10: 239 daAuts
